 Dungeon Crawl Stone Soup version 0.17.0-24-gcfadda4 (console) character file.

9041 Kloppie the Grappler (level 11, -3/101 HPs)
             Began as a Ghoul Monk on Nov 17, 2015.
             Was a High Priest of Makhleb.
             Engulfed by an ice statue's freezing vapour (8 damage)
             ... in an ice cave.
             The game lasted 00:19:31 (10630 turns).

Kloppie the Grappler (Ghoul Monk)                  Turns: 10630, Time: 00:19:31

Health: -3/101     AC: 16    Str: 17    XL:     11   Next: 40%
Magic:  10/10      EV:  6    Int:  5    God:    Makhleb [*****.]
Gold:   323        SH:  0    Dex: 13    Spells: 0 memorised, 10 levels left

rFire  . . .     SeeInvis .       - Unarmed
rCold  + . .     Clarity  .     l - +0 plate armour
rNeg   + + +     SustAt   .     (no shield)
rPois  ∞         Gourm    .     (no helmet)
rElec  .         Spirit   .     (no cloak)
rCorr  .         Warding  .     (no gloves)
rMut   .         Stasis   .     N - +1 pair of boots
MR     .....                    B - amulet of regeneration
Stlth  ..........               (no ring)
                                (no ring)

@: rotting, not resistant to hostile enchantments, extremely unstealthy
A: rotting body, claws 1, carnivore 3, cold resistance 1, negative energy
resistance 3, slow regeneration 1, torment resistance, unbreathing
a: Minor Destruction, Lesser Servant of Makhleb, Major Destruction, Greater
Servant of Makhleb, Renounce Religion


You were in an ice cave.
You worshipped Makhleb.
Makhleb was extremely pleased with you.
You were not hungry.

You visited 2 branches of the dungeon, and saw 12 of its levels.
You also visited: Bailey and Ice Cave.

You collected 390 gold pieces.
You spent 67 gold pieces at shops.

Inventory:

Armour
 d - a +0 shield
 l - a +0 plate armour (worn)
 N - a +1 pair of boots (worn)
Jewellery
 q - an uncursed amulet of guardian spirit
 x - an uncursed ring of fire
 B - an amulet of regeneration (around neck)
 L - an uncursed amulet of warding
Wands
 g - a wand of magic darts (33)
 p - a wand of fire (4)
 C - a wand of lightning (0)
 H - a wand of teleportation (1)
Scrolls
 c - 2 scrolls of blinking
 e - a scroll of enchant armour
 f - 2 scrolls of immolation
 h - 2 scrolls of teleportation
 i - 3 scrolls of remove curse
 j - a scroll of enchant weapon
 k - a scroll of amnesia
 n - a scroll of magic mapping
 z - a scroll of acquirement {unknown}
 J - 2 scrolls of identify
Potions
 m - a potion of heal wounds
 r - a potion of cure mutation {unknown}
 u - 2 potions of brilliance {unknown}
 v - 2 potions of curing {unknown}
 w - a potion of haste {unknown}
 A - 3 potions of degeneration {unknown}
 E - a potion of flight {unknown}
 I - a potion of agility {unknown}
Books
 a - a book of Party Tricks

   Spells                             Type                      Level
   a - Summon Butterflies             Summoning                    1
   b - Apportation                    Translocation                1
   c - Tukima's Dance                 Hexes                        3
   d - Alistair's Intoxication        Transmutation/Poison         4
   e - Invisibility                   Hexes                        6
 y - a book of Death

   Spells                             Type                      Level
   a - Corpse Rot                     Necromancy                   2
   b - Sublimation of Blood           Necromancy                   2
   c - Agony                          Necromancy                   5
   d - Dispel Undead                  Necromancy                   5
   e - Excruciating Wounds            Charms/Necromancy            5
   f - Bolt of Draining               Conjuration/Necromancy       5
 D - a book of Conjurations

   Spells                             Type                      Level
   a - Magic Dart                     Conjuration                  1
   b - Searing Ray                    Conjuration                  2
   c - Dazzling Spray                 Conjuration/Hexes            3
   d - Fulminant Prism                Conjuration/Hexes            4
   e - Iskenderun's Mystic Blast      Conjuration                  4
   f - Iskenderun's Battlesphere      Conjuration/Charms           5
Miscellaneous
 M - an ornate deck of war
Comestibles
 b - 12 meat rations
 s - 2 slices of pizza
 F - a beef jerky
 G - a royal jelly


   Skills:
 - Level 10.3 Fighting
 - Level 9.0 Armour
 - Level 2.6 Dodging
 - Level 2.1 Stealth
 + Level 12.9 Unarmed Combat


You had 10 spell levels left.
You didn't know any spells.

Dungeon Overview and Level Annotations

Branches:
Dungeon (11/15)            Temple (1/1) D:5            Lair (0/8) D:11
    Orc: D:9-12

Altars:
Ashenzari
Cheibriados
Dithmenos
Elyvilon
Fedhas
Gozag
Kikubaaqudgha
Makhleb
Nemelex Xobeh
Okawaru
Qazlal
Ru
Sif Muna
Trog
Vehumet
Xom
Yredelemnul
Zin
The Shining One

Shops:
D:5 (   D:11 =

Annotations:
D:2 Sigmund IceCv exclusion: ice statue


Innate Abilities, Weirdness & Mutations

Your body is rotting away.
You thrive on raw meat.
You are immune to poison.
You have sharp fingernails.
You are carnivorous and can eat meat at any time.
Your flesh is cold resistant.
You are immune to negative energy.
You regenerate slowly when monsters are visible.
You are immune to unholy pain and torment.
You can survive without breathing.


Message History

* * * LOW HITPOINT WARNING * * *
The ice statue throws cold at you. The freezing blast engulfs you! You resist.
* * * LOW HITPOINT WARNING * * *
The ice beast hits you but does no damage.
You scratch the ice statue but do no damage.
The ice statue is severely damaged.
You are engulfed in freezing vapours.
You resist.
* * * LOW HITPOINT WARNING * * *
The ice beast hits you but does no damage. x2
You claw the ice statue!
The ice statue is severely damaged.
You are engulfed in freezing vapours.
You resist.
* * * LOW HITPOINT WARNING * * *
The ice beast hits you but does no damage. x2
The ice beast barely misses you.
You scratch the ice statue.
The ice statue is almost destroyed.
You are engulfed in freezing vapours.
You resist.
You die...

#######
##.....##
##...∩...##
##.........##
#...........#
#...........#
##......§....##
#......Y.§....#
#......Y@8....#
#......Y§§....#
##....$.!....##
#...8.:.8...#
##.........##
###########


You could see an ice statue and 3 ice beasts.

Vanquished Creatures
  Erolcha (D:9)
  An ice statue (IceCv)
  A two-headed ogre (D:9)
  The ghost of Leszczynek the Archer, an amateur HEHu of Okawaru (D:4)
  A wyvern (D:8)
  7 yaks (D:9)
  A hungry ghost (D:8)
  Menkaure (D:7)
  4 hippogriffs
  16 ice beasts
  2 sky beasts
  A water moccasin (D:8)
  A black bear (D:7)
  4 necrophages
  5 orc warriors
  3 phantoms
  The ghost of alpinistek the Chiller, an amateur NaIE (D:3)
  5 ogres
  3 centaurs
  A big kobold (D:8)
  3 giant frogs
  3 scorpions
  A water moccasin zombie (D:9)
  4 killer bees
  5 wights (D:6)
  An electric eel (D:10)
  7 hounds
  5 orc wizards
  3 crimson imps
  A centaur skeleton (D:7)
  4 jellies
  4 worker ants
  2 hound zombies (D:6)
  A hound skeleton (D:9)
  11 adders
  8 gnolls
  A shadow imp (D:6)
  An adder skeleton (D:5)
  An adder zombie (D:9)
  A worm (D:3)
  7 giant geckos
  45 orcs
  9 bats
  5 giant cockroaches
  7 goblins
  8 hobgoblins
  19 jackals
  7 quokkas
  A giant gecko skeleton (D:6)
  4 giant newts
  2 gnoll zombies (D:5)
  7 kobolds
  6 rats
254 creatures vanquished.

Notes
Turn   | Place    | Note
--------------------------------------------------------------
     0 | D:1      | Kloppie the Ghoul Monk began the quest for the Orb.
     0 | D:1      | Reached XP level 1. HP: 19/19 MP: 0/0
    64 | D:1      | Reached XP level 2. HP: 1/25 MP: 1/1
   284 | D:1      | Reached skill level 5 in Unarmed Combat
   661 | D:2      | Reached XP level 3. HP: 24/29 MP: 2/2
  1015 | D:2      | Noticed Sigmund
  1429 | D:3      | Reached skill level 6 in Unarmed Combat
  1429 | D:3      | Reached XP level 4. HP: 31/35 MP: 3/3
  1521 | D:3      | Found a stormy altar of Qazlal.
  1537 | D:3      | Noticed alpinistek's ghost (amateur NaIE)
  1887 | D:4      | Reached XP level 5. HP: 42/45 MP: 4/4
  1975 | D:4      | Noticed Leszczynek's ghost (amateur HEHu)
  1993 | D:4      | Killed Leszczynek's ghost
  1993 | D:4      | Reached skill level 8 in Unarmed Combat
  1993 | D:4      | Reached XP level 6. HP: 23/50 MP: 5/5
  2134 | D:4      | Noticed a necrophage
  2149 | D:4      | Killed a necrophage
  2424 | D:4      | Reached XP level 7. HP: 23/55 MP: 6/6
  2615 | D:5      | Entered Level 5 of the Dungeon
  2673 | D:5      | Found a staircase to the Ecumenical Temple.
  2678 | Temple   | Entered the Ecumenical Temple
  2981 | D:5      | Reached skill level 9 in Unarmed Combat
  3013 | D:5      | Found Loheyf's Weapon Boutique.
  3047 | D:5      | Reached skill level 1 in Armour
  3509 | D:5      | Found a basalt altar of Yredelemnul.
  3840 | D:3      | Found a burning altar of Makhleb.
  3844 | D:3      | Became a worshipper of Makhleb the Destroyer
  3844 | D:3      | Reached * piety under Makhleb
  3844 | D:3      | Reached ** piety under Makhleb
  3899 | D:3      | Found a faded altar to an unknown god.
  3980 | D:3      | Killed alpinistek's ghost
  4385 | D:5      | Reached XP level 8. HP: 48/63 MP: 5/7
  4458 | D:6      | Reached skill level 5 in Armour
  4889 | D:6      | Reached *** piety under Makhleb
  5421 | D:7      | Reached XP level 9. HP: 60/70 MP: 8/8
  5495 | D:7      | Found a flagged portal.
  5505 | Bailey   | Entered a bailey
  6551 | D:7      | Noticed Menkaure
  6557 | D:7      | Killed Menkaure
  6602 | D:7      | Found a sparkling altar of Nemelex Xobeh.
  6602 | D:7      | Found a snail-covered altar of Cheibriados.
  6743 | D:7      | Reached **** piety under Makhleb
  6920 | D:7      | Reached skill level 5 in Fighting
  7386 | D:8      | Reached XP level 10. HP: 85/87 MP: 9/9
  7846 | D:9      | Found a glowing golden altar of the Shining One.
  7960 | D:9      | Noticed Erolcha
  7978 | D:9      | Killed Erolcha
  7978 | D:9      | Reached skill level 10 in Fighting
  8496 | D:9      | Found a white marble altar of Elyvilon.
  8860 | D:9      | Reached skill level 10 in Unarmed Combat
  9161 | D:9      | Found a shadowy altar of Dithmenos.
  9203 | D:10     | Entered Level 10 of the Dungeon
  9243 | D:10     | Reached skill level 11 in Unarmed Combat
  9404 | D:10     | Reached XP level 11. HP: 94/101 MP: 8/10
  9522 | D:10     | Reached ***** piety under Makhleb
 10138 | D:11     | Found a staircase to the Lair.
 10231 | D:11     | Found Urrauc's Jewellery Shop.
 10235 | D:11     | Bought a cursed ring of loudness for 67 gold pieces
 10336 | D:11     | Reached skill level 12 in Unarmed Combat
 10369 | D:11     | Found a frozen archway.
 10421 | IceCv    | Entered an ice cave
 10629 | IceCv    | HP: 5/101 [ice statue] (3)]
 10630 | IceCv    | Engulfed by an ice statue's freezing vapour

Action                   |  1- 3 |  4- 6 |  7- 9 | 10-12 || total
-------------------------+-------+-------+-------+-------++-------
Melee: Unarmed           |   114 |    77 |   461 |   449 ||  1101
Evoke: Wand              |       |       |       |     4 ||     4
  Use: Scroll            |       |       |    15 |       ||    15
       Potion            |       |       |       |     3 ||     3
  Eat: Chunk             |    13 |     8 |    28 |    43 ||    92
